 Dungeon Crawl Stone Soup version 0.24.0-123-gd5b16e6ec5 (webtiles) character file.

Game seed: 11022018613436405566, levelgen mode: deterministic

37 BreadTh the Firebug (level 3, -5/26 HPs)
             Began as a Hill Orc Fire Elementalist on Jan 26, 2020.
             Slain by a gnoll
             ... wielding a +0 flail
              (11 damage)
             ... on level 1 of the Dungeon.
             The game lasted 00:06:15 (1635 turns).

BreadTh the Firebug (Hill Orc Fire Elementalist)    Turns: 1635, Time: 00:06:16

Health: -5/26      AC:  2    Str: 10    XL:     3   Next: 39%
Magic:  2/6        EV: 12    Int: 16    God:
Gold:   153        SH:  0    Dex: 11    Spells: 5/6 levels left

rFire    . . .     SeeInvis .   g - +0 mace
rCold    . . .     Gourm    .   (no shield)
rNeg     . . .     Faith    .   a - +0 robe
rPois    .         Spirit   .   (no helmet)
rElec    .         Reflect  .   (no cloak)
rCorr    .         Harm     .   (no gloves)
MR       .....                  (no boots)
Stlth    ++........             (no amulet)
HPRegen  0.08/turn              (no ring)
MPRegen  0.10/turn              (no ring)

@: no status effects
A: no striking features
a: no special abilities


You were on level 1 of the Dungeon.
You were near starving.

You visited 1 branch of the dungeon, and saw 2 of its levels.

You collected 153 gold pieces.

Inventory:

Hand Weapons
 g - a +0 mace (weapon)
Missiles
 d - 17 poisoned darts (quivered)
Armour
 a - a +0 robe (worn)
Scrolls
 b - 3 scrolls of teleportation {unknown}
 i - 3 scrolls of identify {unknown}
 j - a scroll of remove curse {unknown}
 k - a scroll of enchant weapon {unknown}
 l - a scroll of immolation {unknown}
Potions
 e - a potion of curing {unknown}
 h - a potion of haste {unknown}
Comestibles
 c - 3 rations


   Skills:
 + Level 1.9 Dodging
 + Level 1.8 Stealth
 - Level 2.0 Spellcasting
 + Level 1.3 Conjurations
 + Level 3.9 Fire Magic


You had 5 spell levels left.
You knew the following spells:

 Your Spells              Type           Power        Failure   Level  Hunger
a - Flame Tongue          Conj/Fire      ##...        7%          1    #......

Your spell library contained the following spells:

 Spells                   Type           Power        Failure   Level  Hunger
 Throw Flame              Conj/Fire      ##....       11%         2    ###....
 Conjure Flame            Conj/Fire      ##......     22%         3    ###....
 Inner Flame              Hex/Fire       #.......     28%         3    ###....
 Sticky Flame             Conj/Fire      ##......     56%         4    #####..
 Fireball                 Conj/Fire      ##........   89%         5    ######.


Dungeon Overview and Level Annotations

Branches:
Dungeon (2/15)

Altars:
Makhleb


Message History

Press: ? - help, Shift-Dir - straight line, f/p - gnoll
Aim: a gnoll, wielding a +0 spear (severely wounded)
The flame tongue hits the gnoll but does no damage.
The gnoll is moderately wounded.
Your magical contamination has completely faded away.
There is a stone staircase leading up here.
Casting: Flame Tongue (safe; 7% risk of failure)
Confirm with . or Enter, or press ? or * to list all spells.
Aiming: Flame Tongue (safe; 7% risk of failure)
Press: ? - help, Shift-Dir - straight line, f - gnoll, p - gnoll
Aim: a gnoll, wielding a +0 flail The flame tongue hits the gnoll.
The gnoll is moderately wounded.
The gnoll hits you with a +0 flail!
Ouch! That really hurt!
* * * LOW HITPOINT WARNING * * *
You climb upwards.
There is a stone staircase leading down here.
The gnoll hits you with a +0 flail!
You die...

(......# ##≈≈≈≈≈≈≈≈≈≈........+..
.......# ##≈≈≈≈≈≈≈≈≈≈≈≈###....#..
.......###≈≈≈≈≈≈≈≈≈≈≈≈≈≈##....#..
.......##≈≈≈8≈≈≈≈≈≈≈≈8≈≈≈#....#..
.†.....##≈≈≈≈≈≈≈≈≈≈≈≈≈≈≈≈#....#..
.......##≈≈≈≈≈≈≈≈≈...≈≈≈≈.....###
.PP...###≈≈≈≈≈≈≈≈.≈≈≈.≈≈.........
.PPP..# #≈≈≈≈≈≈≈>g≈≈≈≈.)≈....#...
♣♣.P..###≈..≈≈≈≈@<≈≈≈≈≈≈≈.##.#...
♣♣♣.......≈≈.≈≈≈.≈≈≈≈≈≈≈≈.##.#...
♣♣P♣...≈≈≈≈...≈≈≈≈≈≈≈≈≈.##.#... ♣
♣.♣...#≈≈≈≈≈≈≈≈≈≈≈≈≈≈≈≈.##.#...
♣♣♣.P...#≈≈≈8≈≈≈≈≈≈≈≈8≈≈≈.##.#...
♣♣P.P.####≈≈≈≈≈≈≈≈≈≈≈≈≈≈..##.#...
♣.P..## ##≈≈≈≈≈≈≈≈≈≈≈≈....#.#...
..P### ##≈≈≈≈≈≈≈≈≈≈#.####.#.[.
#.############.............#.#...


You could see a gnoll.

Vanquished Creatures
  An ooze (D:1)
  A dart slug (D:1)
  A leopard gecko (D:1)
  4 bats (D:1)
  3 giant cockroaches (D:1)
  3 goblins (D:1)
  3 hobgoblins
  4 jackals (D:1)
  2 frilled lizards (D:1)
  3 kobolds (D:1)
  2 rats (D:1)
27 creatures vanquished.

Notes
Turn   | Place    | Note
-------+----------+-------------------------------------------
     0 | D:1      | BreadTh the Hill Orc Fire Elementalist began the quest for
                  | the Orb.
     0 | D:1      | Reached XP level 1. HP: 14/14 MP: 3/3
   297 | D:1      | Reached XP level 2. HP: 20/20 MP: 2/4
   763 | D:1      | Reached XP level 3. HP: 23/26 MP: 5/5
  1583 | D:2      | Found a burning altar of Makhleb.
  1635 | D:1      | Slain by a gnoll

Levels and vault maps discovered:
D:1:      nzn_arrival_water_spiral, layout_basic, serial_forest,
          infiniplex_forest_clump_curved, infiniplex_forest_clump_large,
          infiniplex_forest_lined_2, infiniplex_forest_lined_corner,
          infiniplex_forest_lined_2, infiniplex_forest_lined_3,
          infiniplex_forest_lined_room_2, infiniplex_forest_clump_medium
D:2:      layout_rooms, lemuel_crystal_altar, first_ration, uniq_sigmund

Skill      XL: |  1  2  3 |
---------------+----------+-----
Spellcasting   | 2 |  2.0
Dodging        | |  1.9
Stealth        | |  1.8
Conjurations   | |  1.3
Fire Magic     | |  3.9

Action                   || total
-------------------------++-------
Melee: Unarmed           ||     9
       Mace              ||    37
 Cast: Flame Tongue      ||    28
 Stab: Sleeping          ||     3
  Eat: Chunk             ||     1
Armor: Robe              ||    14
Dodge: Dodged            ||    44
